AoeStats
← Bopp77

Arabia

510907802Analyzed
3v3 RM · 4h ago on Oct 3, 2026· 44m 24s· 6 players
Game mode
Random Map
Map size
Normal (6 player)
Population
200
Speed
Normal
Resources
Standard
Victory
Conquest
Starting age
Dark Age
Ending age
Imperial Age
RankedLock teamsTeams togetherTeam positionsShared explorationLock speedFull tech treeHidden civsTurbo modeCheats
Victory
Defeat
🇦🇷 Byzantines · Argentina
983
+16
🇦🇷 Chinese · Argentina
944
+18
🇦🇷 Lithuanians · Argentina
920
+19
🇨🇱 Britons · Chile
1043
-20
🇨🇦 Teutons · Canada
971
-17
🇦🇺 Franks · Australia
954
-16
LucaMillz
0:48 Loom
13:51 Feudal Age
14:34 Double-Bit Axe
16:43 Horse Collar
17:30 Stone Mining
19:12 Wheelbarrow
20:33 Gold Mining
24:59 Castle Age
25:02 Forging
24:52 Scale Mail Armor
26:14 Arson
27:59 Iron Casting
27:40 Chain Mail Armor
28:17 Squires
30:00 Hand Cart
29:48 Heavy Plow
32:08 Caravan
33:13 Ironclad
33:26 Bow Saw
38:13 Imperial Age
42:31 Conscription
1021513861
12:01 Feudal Age
20:53 Castle Age
18:42 Double-Bit Axe
20:51 Stone Mining
21:59 Loom
23:59 Bow Saw
25:24 Wheelbarrow
32:22 Pikeman
35:34 Imperial Age
Bopp77
9:09 Feudal Age
11:52 Loom
20:29 Castle Age
19:15 Double-Bit Axe
19:22 Stone Mining
20:20 Horse Collar
23:14 Bow Saw
27:22 Pikeman
28:44 Town Watch
32:06 Heavy Plow
35:07 Imperial Age
33:06 Squires
32:52 Gambesons
35:01 Wheelbarrow
37:54 Hand Cart
42:17 Town Patrol
DON JULIO
6:43 Loom
9:36 Feudal Age
10:23 Double-Bit Axe
10:22 Horse Collar
17:21 Castle Age
19:14 Scale Barding Armor
19:28 Bow Saw
19:55 Heavy Plow
21:06 Chain Barding Armor
23:07 Husbandry
23:17 Bloodlines
23:18 Heavy Plow
24:54 Wheelbarrow
27:11 Forging
28:52 Iron Casting
34:06 Chain Barding Armor
35:18 Murder Holes
38:25 Imperial Age
40:59 Chemistry
39:37 Cavalier
40:17 Treadmill Crane
41:05 Light Cavalry
TOMASMILONGA
7:27 Loom
11:04 Feudal Age
12:24 Horse Collar
18:14 Double-Bit Axe
20:35 Castle Age
19:25 Fletching
19:36 Padded Archer Armor
19:55 Scale Mail Armor
21:29 Bow Saw
21:22 Heavy Plow
22:24 Gold Mining
25:20 Leather Archer Armor
25:46 Gold Shaft Mining
26:17 Crossbowman
28:11 Thumb Ring
28:32 Ballistics
29:08 Wheelbarrow
28:53 Leather Archer Armor
28:33 Bodkin Arrow
30:20 Pikeman
32:04 Bodkin Arrow
32:12 Murder Holes
38:02 Imperial Age
38:29 Arbalester
39:49 Hand Cart
40:38 Chemistry
39:50 Fortified Wall
43:33 Bracer
44:03 Ring Archer Armor
PAPA FRANCISCO
0:32 Loom
9:31 Feudal Age
10:29 Double-Bit Axe
10:31 Horse Collar
20:26 Castle Age
19:29 Scale Barding Armor
19:58 Forging
21:10 Bloodlines
23:25 Town Watch
23:46 Heavy Plow
24:59 Chain Barding Armor
33:00 Imperial Age
31:26 Elite Skirmisher
33:25 Cavalier
35:09 Wheelbarrow
34:50 Bow Saw
34:35 Gold Mining
35:08 Fletching
35:19 Padded Archer Armor
38:42 Plate Barding Armor
38:43 Iron Casting
Connection lost

Rejoining the realm…

Still unreachable

The connection could not be restored.

Session expired

The server has moved on; the page needs a fresh start.